[Event "Titled Tuesday Blitz June 28 Late 2022"]
[White "Meissner, Felix"]
[Black "Marin Ramirez, Gerardo"]
[WhiteFideId "24671827"]
[BlackFideId "3901068"]
[WhiteElo "2350"]
[BlackElo "1920"]
[Result "1-0"]
[Round "01"]
[TimeControl "180+1"]
[Date "2022.06.29"]
[WhiteClock "0:02:01"]
[BlackClock "0:00:05"]

1. e4 c5 2. Nf3 d6 3. Bb5+ Nd7 4. O-O e6 5. Re1 a6 6. Bf1 Ngf6 7. c3 Be7 8. d4 cxd4 9. Nxd4 Qc7 10. a4 b6 11. g3 Bb7 12. Bg2 O-O 13. Nd2 Rac8 14. Qc2 Ba8 15. h3 Ne5 16. f4 Nc4 17. Nxc4 Qxc4 18. Be3 d5 19. e5 Ne4 20. Bxe4 dxe4 21. Rac1 Rfd8 22. h4 Bc5 23. b3 Qd3 24. Rcd1 Qxc2 25. Nxc2 Bxe3+ 26. Nxe3 b5 27. axb5 axb5 28. Rxd8+ Rxd8 29. Rd1 Rxd1+ 30. Nxd1 Bd5 31. b4 f5 32. Kf2 Kf7 33. Ke3 Ke7 34. Kd4 Bc4 35. Ne3 Be2 36. Kc5 Kd7 37. Nc2 Bd3 38. Ne3 h6 39. g4 g6 40. g5 hxg5 41. hxg5 Kc7 42. Kd4 Kc6 43. Ng2 1-0


[Site "https://www.chess.com"]

[Event "Titled Tuesday Blitz June 28 Late 2022"]
[White "Melikhov, Evgeny V."]
[Black "Gokerkan, Cem Kaan"]
[WhiteFideId "4122046"]
[BlackFideId "6336760"]
[WhiteElo "2405"]
[BlackElo "2721"]
[Result "0-1"]
[Round "01"]
[TimeControl "180+1"]
[Date "2022.06.29"]
[WhiteClock "0:00:19"]
[BlackClock "0:00:43"]

1. d4 Nf6 2. c4 g6 3. Nc3 Bg7 4. e4 d6 5. f3 O-O 6. Be3 e5 7. d5 Nh5 8. Qd2 a5 9. O-O-O c6 10. dxc6 Nxc6 11. Qxd6 Qe8 12. Nd5 Nd4 13. Nc7 Qa4 14. Bxd4 Bh6+ 15. Rd2 exd4 16. Nxa8 Qxa2 17. Nb6 Bxd2+ 18. Kxd2 Qxb2+ 19. Ke1 Qc3+ 20. Kd1 Qb3+ 21. Ke1 Qc3+ 22. Kd1 Be6 23. Ne2 Qb3+ 24. Ke1 d3 25. Nd4 Qc3+ 26. Kf2 Qd2+ 27. Be2 dxe2 28. Nxe2 Qxd6 0-1


[Site "https://www.chess.com"]

[Event "Titled Tuesday Blitz June 28 Late 2022"]
[White "Mendonca, Mateus Nakajo"]
[Black "Fajdetic, Hrvoje"]
[WhiteFideId "2110954"]
[BlackFideId "14501945"]
[WhiteElo "2185"]
[BlackElo "2172"]
[Result "1-0"]
[Round "01"]
[TimeControl "180+1"]
[Date "2022.06.29"]
[WhiteClock "0:00:12"]
[BlackClock "0:00:07"]

1. d4 Nf6 2. c4 e5 3. dxe5 Ng4 4. e4 Nxe5 5. f4 Nec6 6. Nf3 Bb4+ 7. Bd2 Bxd2+ 8. Qxd2 O-O 9. Bd3 d6 10. Nc3 Nb4 11. Bb1 a5 12. O-O Re8 13. a3 N4a6 14. Bc2 Nd7 15. Rae1 Nf8 16. Kh1 Nc5 17. Nd5 a4 18. f5 f6 19. g4 h6 20. h4 Ncd7 21. Nc3 Ne5 22. Nxe5 dxe5 23. Qxd8 Rxd8 24. Bxa4 Rd2 25. Rb1 Bd7 26. Bxd7 Nxd7 27. Rfd1 Rxd1+ 28. Rxd1 Nc5 29. Kg2 Kf7 30. Kf3 c6 31. Ne2 Ke7 32. Nc1 Na4 33. Rd2 b5 34. cxb5 cxb5 35. Rc2 Rd8 36. Ke3 Rd1 37. Nd3 Rh1 38. Nf2 Rh2 39. b3 Nb6 40. Rc6 Nd7 41. a4 bxa4 42. bxa4 Rxh4 43. a5 h5 44. a6 hxg4 45. a7 Rh8 46. Re6+ Kf7 47. Ra6 Ra8 48. Nd3 g3 49. Nb4 Nc5 50. Ra5 Nb3 51. Ra3 Nd4 52. Nd5 Nc6 53. Ra6 Rxa7 54. Rxc6 Ra3+ 55. Ke2 g2 56. Kf2 Ra2+ 57. Kg1 Re2 58. Nc3 g6 59. Nxe2 gxf5 60. exf5 Ke7 61. Kxg2 Kd7 62. Re6 e4 63. Ng3 e3 64. Kf1 e2+ 65. Kxe2 Kd8 66. Ne4 Kd7 67. Ke3 Kd8 68. Kd4 Kd7 69. Kd5 Kd8 70. Nxf6 1-0


[Site "https://www.chess.com"]

[Event "Titled Tuesday Blitz June 28 Late 2022"]
[White "Meunier-Pion, Jean"]
[Black "Abdrlauf, Elham"]
[WhiteFideId "20685327"]
[BlackFideId "1533533"]
[WhiteElo "2124"]
[BlackElo "2403"]
[Result "0-1"]
[Round "01"]
[TimeControl "180+1"]
[Date "2022.06.28"]
[WhiteClock "0:00:02"]
[BlackClock "0:00:10"]

1. e4 c6 2. d4 d5 3. e5 c5 4. dxc5 e6 5. Be3 Nd7 6. Nf3 Bxc5 7. Qd2 Ne7 8. Bb5 Nc6 9. O-O O-O 10. Bxc5 Nxc5 11. Nc3 Bd7 12. Rfd1 Rc8 13. Qf4 Qb6 14. b4 Ne4 15. Nxe4 dxe4 16. Qxe4 Qxb5 17. Rxd7 Qxb4 18. Qxb4 Nxb4 19. Rxb7 Nxc2 20. Rd1 a5 21. h4 Nb4 22. a3 Nd5 23. Ra7 Rc5 24. Rb1 h6 25. Rbb7 Nf4 26. g3 Nd3 27. a4 Nxe5 28. Nxe5 Rxe5 29. Rb5 Re1+ 30. Kg2 Rc8 31. Raxa5 Rc7 32. Rb3 Ra1 33. Ra8+ Kh7 34. a5 g6 35. a6 Kg7 36. Rb7 Rxa6 37. Rxc7 Rxa8 38. Rb7 Ra4 39. Rc7 Ra5 40. Rb7 g5 41. Rc7 gxh4 42. gxh4 Ra3 43. f3 Kg6 44. Kg3 e5 45. Rc6+ f6 46. h5+ Kg5 47. Re6 Ra1 48. Kg2 Ra8 49. Kh2 Rf8 50. Re7 Kxh5 51. Rg7 Rb8 52. Kg3 Rb3 53. Kg2 Rb4 54. Kg3 Rf4 55. Kg2 Rf5 56. Kf2 Rg5 57. Rf7 Kg6 58. Rf8 Rf5 59. Rg8+ Kf7 60. Rh8 e4 61. Ke2 Rxf3 62. Rxh6 Ke6 63. Rh5 f5 64. Rh8 Ra3 65. Re8+ Kf6 66. Rf8+ Ke5 67. Kf2 Ra2+ 68. Ke3 f4+ 69. Rxf4 Ra3+ 0-1


[Site "https://www.chess.com"]

[Event "Titled Tuesday Blitz June 28 Late 2022"]
[White "Mortazavi, Ali"]
[Black "Terry, Renato"]
[WhiteFideId "401323"]
[BlackFideId "3803457"]
[WhiteElo "2339"]
[BlackElo "2577"]
[Result "0-1"]
[Round "01"]
[TimeControl "180+1"]
[Date "2022.06.28"]
[WhiteClock "0:00:03"]
[BlackClock "0:01:19"]

1. Nf3 Nf6 2. g3 d5 3. Bg2 c6 4. O-O Bg4 5. d3 Nbd7 6. c4 dxc4 7. dxc4 e5 8. Nc3 Be7 9. h3 Be6 10. b3 O-O 11. Qc2 h6 12. Nh4 Re8 13. Nf5 Bf8 14. Rd1 Qc7 15. Be3 a5 16. Ne4 Nxe4 17. Bxe4 Nf6 18. Bg2 a4 19. Kh2 Qa5 20. Rab1 axb3 21. axb3 e4 22. Nd6 Bxd6 23. Rxd6 Qh5 24. Bb6 Bf5 25. e3 c5 26. Qd1 Bg4 27. Qd2 Bf3 28. Kg1 Kh7 29. g4 Nxg4 30. Bxf3 exf3 31. Qd3+ g6 32. Qd5 Ne5 33. Qe4 Qg5+ 34. Kf1 Qg2+ 35. Ke1 Ra2 36. Rd2 Qg1# 0-1


[Site "https://www.chess.com"]

[Event "Titled Tuesday Blitz June 28 Late 2022"]
[White "Nathan, Nitish"]
[Black "Papp, Levente"]
[WhiteFideId "30927870"]
[BlackFideId "751243"]
[WhiteElo "2248"]
[BlackElo "2308"]
[Result "0-1"]
[Round "01"]
[TimeControl "180+1"]
[Date "2022.06.29"]
[WhiteClock "0:00:24"]
[BlackClock "0:00:25"]

1. d4 e6 2. Bf4 c5 3. e3 Qb6 4. b3 Nf6 5. Nd2 cxd4 6. exd4 Qxd4 7. Be3 Qc3 8. Nf3 d5 9. Bd4 Qc7 10. Bb5+ Bd7 11. Bxd7+ Nbxd7 12. O-O Bd6 13. Re1 O-O 14. c4 e5 15. Bb2 e4 16. Nd4 Bxh2+ 17. Kf1 Ne5 18. Nb5 Qb6 19. Bd4 Qc6 20. g3 dxc4 21. Bxe5 Qxb5 22. Nxc4 Nd7 23. Bc3 Bxg3 24. Qg4 Be5 25. a4 Qxb3 26. Nxe5 Qxc3 27. Nxd7 Qd3+ 28. Kg1 f5 29. Qf4 Qxd7 30. Kg2 Rf6 31. Rh1 Rg6+ 32. Kf1 Qd3+ 33. Ke1 Qc3+ 34. Ke2 Rd8 35. Rhd1 Qc2+ 36. Rd2 Rxd2+ 37. Qxd2 Qxd2+ 38. Kxd2 Rc6 39. Rb1 b6 40. a5 Kf7 41. axb6 axb6 42. Ke3 g6 43. Kf4 Kf6 44. Rb5 g5+ 45. Kg3 h5 46. Kg2 h4 47. Kh3 g4+ 48. Kxh4 Kg6 49. Kg3 Kg5 50. Re5 Rc3+ 51. Kg2 Kf4 52. Rb5 Rc2 53. Rxb6 g3 54. Rb3 Rxf2+ 55. Kg1 Rc2 56. Kf1 g2+ 57. Kg1 e3 58. Rb4+ Kf3 59. Rb1 Rf2 60. Re1 Rf1+ 61. Rxf1+ gxf1=Q+ 62. Kxf1 f4 63. Ke1 Kg2 64. Ke2 f3+ 65. Kxe3 f2 66. Ke4 f1=Q 67. Ke5 Qf3 68. Ke6 Qf4 69. Ke7 Qf5 70. Ke8 Qh7 71. Kf8 Kf3 72. Ke8 Ke4 73. Kf8 Kd5 74. Ke8 Kd6 75. Kf8 Ke6 76. Ke8 Qh8# 0-1


[Site "https://www.chess.com"]

[Event "Titled Tuesday Blitz June 28 Late 2022"]
[White "Navarrete Mendez, Gonzalo Alberto"]
[Black "Le Hetet, Nicolas"]
[WhiteFideId "5106850"]
[BlackFideId "634824"]
[WhiteElo "2261"]
[BlackElo "2316"]
[Result "1-0"]
[Round "01"]
[TimeControl "180+1"]
[Date "2022.06.29"]
[WhiteClock "0:02:08"]
[BlackClock "0:00:42"]

1. e4 c5 2. Nf3 Nc6 3. Nc3 e5 4. Bc4 Be7 5. d3 Nf6 6. Ng5 O-O 7. h4 Nd4 8. Nd5 d6 9. Nxf6+ Bxf6 10. Qh5 h6 11. Nxf7 Rxf7 12. Bxf7+ Kf8 13. Bb3 Be6 14. Bxe6 Nxe6 15. Be3 b5 16. O-O Nf4 17. Bxf4 exf4 18. c3 b4 19. Qf5 bxc3 20. bxc3 Kg8 21. d4 cxd4 22. cxd4 Bxd4 23. Qd5+ 1-0


[Site "https://www.chess.com"]

[Event "Titled Tuesday Blitz June 28 Late 2022"]
[White "Nikologorsky, Matfei"]
[Black "Hamitevici, Vladimir"]
[WhiteFideId "24102474"]
[BlackFideId "13902393"]
[WhiteElo "2231"]
[BlackElo "2359"]
[Result "1/2-1/2"]
[Round "01"]
[TimeControl "180+1"]
[Date "2022.06.29"]
[WhiteClock "0:00:18"]
[BlackClock "0:00:17"]

1. c4 f5 2. Nc3 Nf6 3. g3 e5 4. Bg2 Bc5 5. Rb1 a5 6. a3 Nc6 7. e3 e4 8. d4 exd3 9. Qxd3 O-O 10. Nf3 d6 11. O-O a4 12. Qc2 f4 13. gxf4 Ng4 14. Bd2 Bf5 15. e4 Bd7 16. Qd3 Ne7 17. Nd5 Ng6 18. f5 N6e5 19. Nxe5 Nxe5 20. Qe2 c6 21. Nf4 Qh4 22. Be3 Rae8 23. Qh5 Qxh5 24. Nxh5 Bxe3 25. fxe3 Nxc4 26. Rfe1 Nd2 27. Rbd1 Nxe4 28. Bxe4 Rxe4 29. Rxd6 Bxf5 30. Ng3 Rg4 31. e4 Bg6 32. e5 Re8 33. e6 Rf4 34. Rd7 b5 35. e7 Kf7 36. Rc7 Rf6 37. Kg2 Re6 38. Rf1+ Kg8 39. h4 h5 40. Nf5 Bxf5 41. Rxf5 g6 42. Rc5 R8xe7 43. R7xc6 Rxc6 44. Rxc6 Kg7 45. Kf3 Re5 46. Rb6 Rf5+ 47. Ke4 Rc5 48. Kf3 Kh6 49. Kg3 Kg7 50. Kf3 Kf7 51. Kg3 Rf5 52. Kh3 g5 53. hxg5 Rxg5 54. Kh4 Rf5 55. Kh3 Ke7 56. Kh4 Kd7 57. Rh6 Kc7 58. Rxh5 Rxh5+ 59. Kxh5 Kd6 60. Kg4 Ke5 61. Kf3 Kd4 62. Ke2 Kc4 63. Kd2 Kb3 64. Kc1 Ka2 65. Kc2 Ka1 66. Kc1 Ka2 67. Kc2 Ka1 68. Kc1 Ka2 1/2-1/2


[Site "https://www.chess.com"]

[Event "Titled Tuesday Blitz June 28 Late 2022"]
[White "Nilsen, Tobias Lang"]
[Black "Boruchovsky, Avital"]
[WhiteFideId "1521624"]
[BlackFideId "2800055"]
[WhiteElo "2412"]
[BlackElo "2760"]
[Result "0-1"]
[Round "01"]
[TimeControl "180+1"]
[Date "2022.06.29"]
[WhiteClock "0:01:00"]
[BlackClock "0:01:08"]

1. f4 d5 2. Nf3 g6 3. g3 Bg7 4. Bg2 Nf6 5. O-O O-O 6. d3 c5 7. Nc3 Nc6 8. e4 e6 9. h3 a6 10. g4 dxe4 11. dxe4 Qxd1 12. Rxd1 Nb4 13. Rd2 Rb8 14. a3 Nc6 15. e5 Nd7 16. Ne4 Rd8 17. Nxc5 Nxc5 18. Rxd8+ Nxd8 19. Be3 Bf8 20. Rd1 Nc6 21. b4 Na4 22. h4 Nc3 23. Rd3 Nd5 24. Bd2 b5 25. h5 Bb7 26. Ng5 Nce7 27. hxg6 hxg6 28. Ne4 Rc8 29. Nd6 Rc7 30. c3 Bc6 31. Ne4 Bg7 32. Kf2 Ba8 33. Kg3 Nc8 34. Nc5 Ncb6 35. Ne4 Bf8 36. Bc1 Be7 37. Bf3 Na4 38. f5 gxf5 39. gxf5 exf5 40. Nf6+ Bxf6 41. exf6 Rxc3 42. Rxc3 Naxc3 43. Bb2 Ne4+ 44. Kh4 Bc6 45. Bd4 Nf4 46. Be3 Ng6+ 47. Kh5 Nxf6+ 48. Kg5 Nh7+ 49. Kxf5 Bxf3 0-1


[Site "https://www.chess.com"]

[Event "Titled Tuesday Blitz June 28 Late 2022"]
[White "Nilsson, Joakim"]
[Black "Acosta, Pablo Ismael"]
[WhiteFideId "1723383"]
[BlackFideId "124311"]
[WhiteElo "2210"]
[BlackElo "2313"]
[Result "0-1"]
[Round "01"]
[TimeControl "180+1"]
[Date "2022.06.29"]
[WhiteClock "0:01:02"]
[BlackClock "0:00:44"]

1. d4 Nf6 2. Nc3 d5 3. Bf4 c6 4. e3 g6 5. h4 Bg7 6. Nf3 Bg4 7. Be2 Nbd7 8. Ne5 Bxe2 9. Qxe2 Qb6 10. O-O-O h5 11. f3 Nxe5 12. Bxe5 O-O-O 13. Kb1 Bh6 14. g4 hxg4 15. fxg4 Bg7 16. e4 Nxe4 17. Nxe4 Bxe5 18. Ng5 Bxd4 19. c3 Bxc3 20. Nxf7 Rhf8 21. Nxd8 Rf2 22. Qxf2 Qxf2 23. bxc3 Qb6+ 24. Ka1 Qe3 25. Rc1 Kxd8 26. h5 gxh5 27. gxh5 Qh6 28. Kb2 c5 29. Rcd1 e6 30. Rh2 b5 31. a3 a5 32. Rg1 b4 33. axb4 axb4 34. cxb4 c4 35. Rg3 Kd7 36. b5 Kd6 37. Ka3 Kc5 38. Rb2 Qc1 39. Ka2 c3 40. Rb3 d4 41. b6 Kc4 42. Rb1 Qc2+ 43. Ka3 Qxb1 0-1


[Site "https://www.chess.com"]

[Event "Titled Tuesday Blitz June 28 Late 2022"]
[White "Nozdrachev, Leonid"]
[Black "Xiong, Jeffery"]
[WhiteFideId "24113433"]
[BlackFideId "2047640"]
[WhiteElo "2129"]
[BlackElo "2714"]
[Result "0-1"]
[Round "01"]
[TimeControl "180+1"]
[Date "2022.06.28"]
[WhiteClock "0:00:01"]
[BlackClock "0:01:05"]

1. e4 c5 2. c3 e6 3. d4 cxd4 4. cxd4 d5 5. e5 Nc6 6. Nf3 Nge7 7. Bd3 Nf5 8. Bxf5 exf5 9. O-O Be7 10. a3 Be6 11. Nc3 g5 12. Nb5 h6 13. Re1 a6 14. Nd6+ Bxd6 15. exd6 Qxd6 16. Ne5 Rc8 17. Qh5 Nxe5 18. Rxe5 Kd7 19. Bd2 Rc4 20. Bb4 Qb6 21. Rxf5 Kc8 22. Rxf7 Bxf7 23. Qxf7 Qc6 24. Qf5+ Qd7 25. Qf6 Re8 26. Qxh6 Qe6 27. Qxe6+ Rxe6 28. Bc3 Kd7 29. h3 Kc6 30. Kh2 Kb5 31. Kg3 Rc8 32. Kg4 Re4+ 33. Kg3 Ka4 34. f3 Re2 35. Rg1 b5 36. Kg4 a5 37. Kxg5 b4 0-1


[Site "https://www.chess.com"]

[Event "Titled Tuesday Blitz June 28 Late 2022"]
[White "Oparin, Grigoriy"]
[Black "Ladan, Nicholas"]
[WhiteFideId "24125890"]
[BlackFideId "30918855"]
[WhiteElo "2639"]
[BlackElo "2167"]
[Result "1-0"]
[Round "01"]
[TimeControl "180+1"]
[Date "2022.06.28"]
[WhiteClock "0:02:26"]
[BlackClock "0:01:21"]

1. d4 d5 2. c4 e6 3. Nf3 Nf6 4. Nc3 Bb4 5. e3 O-O 6. Bd2 Re8 7. a3 Bf8 8. Qc2 Nc6 9. cxd5 Nxd5 10. Bd3 g6 11. O-O e5 12. Nxd5 Qxd5 13. e4 Qd8 14. d5 Nd4 15. Nxd4 exd4 16. Rac1 Bd6 17. f4 c5 18. dxc6 bxc6 19. Qxc6 Rb8 20. e5 Bb7 21. Qxd6 1-0


[Site "https://www.chess.com"]

[Event "Titled Tuesday Blitz June 28 Late 2022"]
[White "Pakleza, Zbigniew"]
[Black "Lopez Gracia, Fernando"]
[WhiteFideId "1119290"]
[BlackFideId "2207184"]
[WhiteElo "2467"]
[BlackElo "2441"]
[Result "1-0"]
[Round "01"]
[TimeControl "180+1"]
[Date "2022.06.28"]
[WhiteClock "0:00:38"]
[BlackClock "0:01:23"]

1. d4 Nf6 2. Nf3 e6 3. Bf4 c5 4. c3 b6 5. e3 Bb7 6. Nbd2 Be7 7. h3 O-O 8. Bd3 cxd4 9. cxd4 d5 10. O-O Nc6 11. a3 Rc8 12. Rc1 Bd6 13. Ne5 Bxe5 14. dxe5 Nd7 15. Nf3 Nc5 16. Bb1 h6 17. b4 Ne4 18. Qb3 Ne7 19. Rfd1 Rxc1 20. Rxc1 Qd7 21. Bd3 Rc8 22. Qb2 Rxc1+ 23. Qxc1 Qc6 24. Qxc6 Bxc6 25. Nd4 Bd7 26. f3 Nd2 27. b5 g5 28. Bg3 Nc4 29. Bxc4 dxc4 30. e4 c3 31. a4 Ng6 32. Kf2 Kf8 33. Ke3 Ke7 34. Kd3 a6 35. bxa6 Kd8 1-0


[Site "https://www.chess.com"]

[Event "Titled Tuesday Blitz June 28 Late 2022"]
[White "Pershin, Denis"]
[Black "Prydun, Andriy"]
[WhiteFideId "24165506"]
[BlackFideId "14145898"]
[WhiteElo "2275"]
[BlackElo "2063"]
[Result "1-0"]
[Round "01"]
[TimeControl "180+1"]
[Date "2022.06.29"]
[WhiteClock "0:02:06"]
[BlackClock "0:00:31"]

1. c4 c6 2. Nf3 Nf6 3. g3 e6 4. Bg2 d5 5. b3 Bd6 6. O-O O-O 7. Bb2 Nbd7 8. d4 b6 9. Re1 Ba6 10. Nbd2 Qb8 11. e4 Bc7 12. Rc1 Rd8 13. Bf1 Qb7 14. e5 Ne8 15. Bd3 h6 16. Bb1 c5 17. cxd5 exd5 18. Nh4 Nf8 19. Nf5 Kh8 20. Qg4 Qc6 21. dxc5 bxc5 22. e6 f6 23. e7 Ne6 24. exd8=Q Rxd8 25. Ne7 1-0


[Site "https://www.chess.com"]

[Event "Titled Tuesday Blitz June 28 Late 2022"]
[White "Perske, Thore"]
[Black "Hansen, Eric"]
[WhiteFideId "12902195"]
[BlackFideId "2606771"]
[WhiteElo "2315"]
[BlackElo "2568"]
[Result "1/2-1/2"]
[Round "01"]
[TimeControl "180+1"]
[Date "2022.06.28"]
[WhiteClock "0:00:05"]
[BlackClock "0:00:03"]

1. e4 c5 2. Nf3 e6 3. d4 cxd4 4. Nxd4 a6 5. c4 Nf6 6. Nc3 Qc7 7. Be2 Nc6 8. O-O Be7 9. Be3 O-O 10. Rc1 Qb8 11. Nxc6 dxc6 12. f4 e5 13. f5 Rd8 14. Qc2 b5 15. Rfd1 Bd7 16. c5 a5 17. a3 Qc7 18. b4 Be8 19. Rxd8 Rxd8 20. Rd1 Ra8 21. g4 h6 22. h3 Nh7 23. Kg2 Bg5 24. Bxg5 Nxg5 25. h4 Nh7 26. Qd2 axb4 27. axb4 Qe7 28. Kg3 Ra3 29. Qb2 Ra8 30. Ra1 Rd8 31. Rd1 Ra8 32. Ra1 Rb8 33. Qa2 Rd8 34. Rd1 Rd4 35. Qb2 Nf6 36. Bf3 g6 37. Rxd4 exd4 38. Ne2 Nxe4+ 39. Bxe4 Qxe4 40. Nxd4 Bd7 41. Qf2 Qe5+ 42. Qf4 Qe1+ 43. Kf3 Qxb4 44. Qb8+ Kg7 45. Qd6 Qc3+ 46. Kf4 Be8 47. f6+ Kh7 48. Ke4 Qe1+ 49. Kd3 Qd1+ 50. Ke4 Qe1+ 51. Kd3 Qf1+ 52. Kc3 Qc4+ 53. Kd2 Qb4+ 54. Ke3 Qc3+ 55. Ke4 Qe1+ 1/2-1/2


[Site "https://www.chess.com"]

[Event "Titled Tuesday Blitz June 28 Late 2022"]
[White "Phillips, Rene"]
[Black "Koellner, Ruben Gideon"]
[WhiteFideId "2056275"]
[BlackFideId "12993093"]
[WhiteElo "2204"]
[BlackElo "2580"]
[Result "0-1"]
[Round "01"]
[TimeControl "180+1"]
[Date "2022.06.29"]
[WhiteClock "0:00:19"]
[BlackClock "0:00:04"]

1. Nf3 Nf6 2. d4 d6 3. Bf4 g6 4. e3 Bg7 5. h3 O-O 6. Bc4 Nc6 7. O-O Nd7 8. Nc3 e5 9. Bg5 Bf6 10. Bh6 Bg7 11. Bxg7 Kxg7 12. dxe5 dxe5 13. Qe2 Nb6 14. Rfd1 Qe7 15. Bb3 Na5 16. Qb5 Nxb3 17. axb3 Re8 18. Ra5 f6 19. Qe2 Bf5 20. Nd5 Nxd5 21. Raxd5 c6 22. Rd6 Rad8 23. Rxd8 Rxd8 24. Rxd8 Qxd8 25. c3 Qd5 26. b4 Be4 27. Ne1 Qa2 28. Qd2 Bd5 29. f3 h5 30. Kf2 Qc4 31. e4 Bf7 32. Nd3 b6 33. g3 Qa2 34. h4 Qb1 35. Ne1 c5 36. bxc5 bxc5 37. Nd3 Qh1 38. Ke3 c4 39. Ne1 Qg1+ 40. Qf2 Qxf2+ 41. Kxf2 Kf8 42. f4 Ke7 43. Ke3 Kd6 44. Nf3 Be6 45. fxe5+ fxe5 46. Ng5 Bg8 47. Nf3 Be6 48. Ng5 Bg8 49. Nh3 a6 50. Nf2 Be6 51. Nd1 Kc5 52. Kd2 Bg4 53. Ne3 Bf3 54. Nd5 Bxe4 55. Ne7 Kd6 56. Nc8+ Kc7 57. Ne7 Kd7 58. Ng8 Ke6 59. Nh6 Kf6 60. Ng8+ Kf7 61. Nh6+ Kg7 62. Ke3 Bb1 0-1


[Site "https://www.chess.com"]

[Event "Titled Tuesday Blitz June 28 Late 2022"]
[White "Plazuelo Pascual, Juan"]
[Black "Coelho, Ramyres Santana"]
[WhiteFideId "32059566"]
[BlackFideId "2120690"]
[WhiteElo "2359"]
[BlackElo "1888"]
[Result "1-0"]
[Round "01"]
[TimeControl "180+1"]
[Date "2022.06.29"]
[WhiteClock "0:01:14"]
[BlackClock "0:00:57"]

1. e4 c5 2. Nf3 d6 3. Bb5+ Nd7 4. Ba4 a6 5. c3 b5 6. Bc2 Bb7 7. d4 cxd4 8. cxd4 Rc8 9. O-O Qc7 10. Bd3 Ngf6 11. Nbd2 g6 12. a4 b4 13. Qe2 a5 14. e5 Nh5 15. Nc4 dxe5 16. dxe5 Nc5 17. Nd6+ Kd7 18. Bb5+ Bc6 19. Nxc8 Kxc8 20. Be3 e6 21. Rac1 Bxb5 22. Qxb5 1-0


[Site "https://www.chess.com"]

[Event "Titled Tuesday Blitz June 28 Late 2022"]
[White "Preotu, Razvan"]
[Black "Federzoni, Enzo"]
[WhiteFideId "2613280"]
[BlackFideId "2173301"]
[WhiteElo "2705"]
[BlackElo "2400"]
[Result "1-0"]
[Round "01"]
[TimeControl "180+1"]
[Date "2022.06.29"]
[WhiteClock "0:00:06"]
[BlackClock "0:00:06"]

1. e4 c5 2. Nf3 d6 3. d4 cxd4 4. Nxd4 Nf6 5. Nc3 a6 6. Be2 e5 7. Nb3 Be7 8. Be3 Be6 9. O-O O-O 10. Qd3 a5 11. Nd5 a4 12. Nd2 Nbd7 13. Nc4 Bxd5 14. exd5 b5 15. Na3 b4 16. Nc4 Rc8 17. Qd2 Rb8 18. f4 Qc7 19. Rad1 Ne4 20. Qe1 exf4 21. Bxf4 Bg5 22. Bxg5 Nxg5 23. Bd3 Nc5 24. Qh4 h6 25. b3 Rfe8 26. Qf4 Nce4 27. Rde1 Qc5+ 28. Qe3 Qxe3+ 29. Rxe3 axb3 30. axb3 Nc5 31. Rxe8+ Rxe8 32. Nxd6 Rd8 33. Nf5 g6 34. Ne7+ Kf8 35. Nc6 Rxd5 36. Nxb4 Re5 37. Bc4 Nge6 38. Nd3 Nxd3 39. Bxd3 Ra5 40. Bxg6 Kg7 41. Bxf7 Ng5 42. Bc4 Ra2 43. Bd3 Ne6 44. h3 Nd4 45. Rf2 Ra1+ 46. Kh2 Ra2 47. Kg3 Nxb3 48. cxb3 1-0


[Site "https://www.chess.com"]

[Event "Titled Tuesday Blitz June 28 Late 2022"]
[White "Pulpan, Jakub"]
[Black "Romero Ruscalleda, Josep"]
[WhiteFideId "302759"]
[BlackFideId "2231859"]
[WhiteElo "2495"]
[BlackElo "2286"]
[Result "1-0"]
[Round "01"]
[TimeControl "180+1"]
[Date "2022.06.29"]
[WhiteClock "0:02:15"]
[BlackClock "0:01:38"]

1. b3 g6 2. Bb2 Nf6 3. Nf3 Bg7 4. g3 O-O 5. Bg2 d6 6. d4 Nc6 7. O-O Bf5 8. Nbd2 Qc8 9. Re1 Re8 10. e4 Bg4 11. Qe2 e5 12. dxe5 Nxe5 13. Bxe5 Rxe5 14. Qf1 Re8 15. Rad1 a6 16. h3 Bd7 17. e5 dxe5 18. Nxe5 Be6 19. Ndf3 Nd5 20. Ng5 Nb6 21. Nxe6 Rxe6 22. Nd3 Rd6 23. Nc5 c6 24. Rxd6 1-0


[Site "https://www.chess.com"]

[Event "Titled Tuesday Blitz June 28 Late 2022"]
[White "Ricaurte Lopez, Juan Carlos"]
[Black "Popilski, Gil"]
[WhiteFideId "3600327"]
[BlackFideId "2809060"]
[WhiteElo "2209"]
[BlackElo "2537"]
[Result "0-1"]
[Round "01"]
[TimeControl "180+1"]
[Date "2022.06.29"]
[WhiteClock "0:00:01"]
[BlackClock "0:00:07"]

1. e4 c5 2. Nf3 d6 3. d4 cxd4 4. Nxd4 Nf6 5. Nc3 a6 6. f4 e5 7. Nf3 Nbd7 8. Bc4 b5 9. Bb3 Be7 10. O-O O-O 11. Kh1 Bb7 12. fxe5 dxe5 13. Qe2 Nc5 14. Nxe5 Nxb3 15. axb3 b4 16. Nd5 Nxd5 17. exd5 Qxd5 18. Bf4 Rac8 19. Rad1 Qe6 20. Rd2 Rfe8 21. Nc4 Qg6 22. Re1 h6 23. Bg3 Kh7 24. Ne5 Qe6 25. Qd3+ f5 26. Nf3 Be4 27. Qd7 Qxd7 28. Rxd7 Rxc2 29. Be5 Bf8 30. Bd4 Rec8 31. Kg1 Kg8 32. Ne5 Rxg2+ 33. Kf1 Rxh2 34. Nc4 Rc6 35. Rd8 Rg6 36. Bc5 Rh1+ 37. Kf2 Rg2+ 38. Ke3 Rxe1+ 39. Kf4 Rg4+ 40. Ke5 Bc6+ 41. Kxf5 Bd7+ 42. Rxd7 Rg5+ 43. Kf4 Rxc5 44. Kf3 Re7 45. Rd8 Rf7+ 46. Ke4 Rcf5 0-1


[Site "https://www.chess.com"]

[Event "Titled Tuesday Blitz June 28 Late 2022"]
[White "Riehle, Marco"]
[Black "Urbina Perez, Juan Antonio"]
[WhiteFideId "12904392"]
[BlackFideId "2217368"]
[WhiteElo "2462"]
[BlackElo "2192"]
[Result "1/2-1/2"]
[Round "01"]
[TimeControl "180+1"]
[Date "2022.06.28"]
[WhiteClock "0:00:23"]
[BlackClock "0:00:14"]

1. e4 e5 2. Nf3 Nf6 3. Nxe5 d6 4. Nf3 Nxe4 5. Nc3 Nxc3 6. dxc3 Be7 7. Bf4 Be6 8. Qd2 h6 9. Nd4 Bd7 10. O-O-O Nc6 11. f3 a6 12. g4 Nxd4 13. Qxd4 Bf6 14. Re1+ Kf8 15. Qe3 Be6 16. a3 Qd7 17. Bd3 Re8 18. h4 Bd5 19. Qf2 g6 20. g5 hxg5 21. hxg5 Rxe1+ 22. Rxe1 Bg7 23. c4 Bc6 24. c5 d5 25. Qg3 Rh3 26. Qg2 d4 27. Be4 Bxe4 28. Rxe4 Rh5 29. Be5 d3 30. Rd4 Qf5 31. Bxg7+ Kxg7 32. Rxd3 Rxg5 33. Qh2 Qxc5 34. b4 Qe5 35. Qxe5+ Rxe5 36. Rd7 c5 37. Rxb7 cxb4 38. axb4 Rf5 39. c4 Rxf3 40. c5 g5 41. Kd2 g4 42. Ke2 Rf6 43. Rb6 g3 44. c6 g2 45. c7 g1=Q 46. Rxf6 Qc1 47. Rf2 Qxc7 48. Kf3 Qb7+ 49. Kg3 Qxb4 50. Kg2 Qe4+ 51. Kg1 Qe3 52. Kg2 Qxf2+ 53. Kh1 a5 1/2-1/2


[Site "https://www.chess.com"]

[Event "Titled Tuesday Blitz June 28 Late 2022"]
[White "Rios Escobar, Adan"]
[Black "Keymer, Vincent"]
[WhiteFideId "3403645"]
[BlackFideId "12940690"]
[WhiteElo "2454"]
[BlackElo "2548"]
[Result "0-1"]
[Round "01"]
[TimeControl "180+1"]
[Date "2022.06.28"]
[WhiteClock "0:00:02"]
[BlackClock "0:00:06"]

1. d4 Nf6 2. g3 d5 3. Nf3 e6 4. c4 Bb4+ 5. Nbd2 dxc4 6. Bg2 b5 7. Ne5 Nd5 8. O-O O-O 9. a4 c6 10. Ne4 Bb7 11. Nc5 Bxc5 12. dxc5 Qe7 13. b3 c3 14. Qd4 Rd8 15. Ba3 f6 16. Nd3 e5 17. Bxd5+ Rxd5 18. Qxc3 Qe6 19. Rfd1 a5 20. b4 Na6 21. bxa5 Rad8 22. Rdb1 Ba8 23. Nb4 Nxb4 24. Bxb4 bxa4 25. a6 Qg4 26. Qf3 Qc4 27. Kg2 Qxa6 28. Qf5 Bb7 29. Qe6+ Kh8 30. Ba3 Bc8 31. Qf7 R5d7 32. Qh5 Rd2 33. Rd1 g6 34. Qh6 Qxe2 35. Re1 Qd3 36. Re3 Qd5+ 37. Kg1 Qf7 38. Rae1 Qg7 39. Qh4 R2d4 40. f4 g5 41. Qh5 gxf4 42. Rf3 Bg4 43. Qh4 Bxf3 44. Rxe5 fxe5 45. Bc1 fxg3 46. hxg3 Rxh4 47. Kf2 Rh2+ 48. Kxf3 e4+ 49. Ke3 Qxg3+ 50. Kxe4 Qd3+ 51. Kf4 Rf2+ 52. Kg4 Rg8+ 53. Kh4 Rh2# 0-1


[Site "https://www.chess.com"]